 Dungeon Sprint DCSS version bcrawl-1.15.1 (webtiles) character file.

Game seed: 7917669547560523492

442 Chiseanne the Thaumaturge (level 6, -4/48 HPs)
             Began as a Demonspawn Archaeologist on Sept 30, 2019.
             Was an Initiate of Vehumet.
             Slain by Sonja the komodo dragon (13 damage)
             ... in the Dungeon (Sprint I: "Red Sonja").
             The game lasted 00:03:13 (366 turns).

Chiseanne the Thaumaturge (Demonspawn Archaeologist) Turns: 366, Time: 00:03:14

Health: -4/48      AC:  8    Str: 11    XL:     6   Next: 71%
Magic:  20/20      EV: 14    Int: 22    God:    Vehumet [......]
Gold:   310        SH:  0    Dex: 12    Spells: 25/27 levels left

rFire    . . .     SeeInvis .   a - +1 dagger (chaos)
rCold    . . .     Gourm    .   (no shield)
rNeg     . . .     Faith    .   f - +3 robe of Folly {Archmagi, MR-- Int+5}
rPois    .         Spirit   .   c - +1 hat
rElec    .         Reflect  .   (no cloak)
rCorr    .         Harm     .   (no gloves)
MR       .....     NoTele   +   d - +1 pair of boots
Stlth    +++.......             (no amulet)
HPRegen  0.16/turn              (no ring)
MPRegen  0.17/turn              (no ring)

@: no status effects
A: claws 1, hooves 1, horns 1, nightstalker 1
a: Renounce Religion


You were in the Dungeon.
You worshipped Vehumet.
Vehumet was noncommittal.
You were not hungry.

You visited 1 branch You collected 310 gold pieces.

Inventory:

Hand Weapons
 a - a +1 dagger of chaos (weapon)
 p - a +0 hunting sling of freezing
Missiles
 l - 94 sling bullets
Armour
 c - a +1 hat (worn)
 d - a +1 pair of boots (worn)
 f - the +3 robe of Folly (worn) {Archmagi, MR-- Int+5}

   It affects your intelligence (+5).
   It affects your resistance to hostile enchantments.
Wands
 n - a wand of polymorph (2)
Scrolls
 b - a scroll of identify {unknown}
 m - a scroll of blinking
Potions
 k - 2 potions of magic
Comestibles
 g - a ration {!d}


   Skills:
 - Level 4.0 Fighting
 - Level 4.3 Short Blades
   Level 0.8 Maces & Flails
 - Level 4.5 Dodging
 - Level 3.0 Stealth
 + Level 11.1 Spellcasting
 - Level 4.7 Evocations


You had 25 spell levels left.
You knew the following spells:

 Your Spells              Type           Power        Failure   Level  Hunger
a - Apportation           Tloc           ###...       5%          1    None
b - Summon Butterflies    Summ           ###.....     5%          1    None

Your spell library contained the following spells:

 Spells                   Type           Power        Failure   Level  Hunger
 Infusion                 Chrm           ###.....     5%          1    None
 Sandblast                Erth           ###...       5%          1    None
 Slow                     Hex            ###.....     5%          1    None


Dungeon Overview and Level Annotations

Branches:
Dungeon (1/1)

Altars:
Cheibriados
Dithmenos
Elyvilon
Fedhas
Gozag
Hepliaklqana
Kikubaaqudgha
Nemelex Xobeh
Okawaru
Qazlal
Ru
Sif Muna
Trog
Uskayaw
Vehumet
Wu Jian
Yredelemnul
Zin
The Shining One

Shops:
D *

Annotations:
D Sonja


Innate Abilities, Weirdness & Mutations

You have sharp fingernails.
You have large cloven feet.
You have a pair of small horns on your head.
You are slightly more attuned to the shadows.


Message History

You hit Sonja.
You feel better.
Sonja is lightly wounded.
Sonja claws you. Sonja claws you!
* * * LOW HITPOINT WARNING * * *
You feel better. Sonja barely misses you. Sonja claws you.
Evoke which item? (* to show all) (? for menu, Esc to quit)
Aiming: Polymorph
Press: ? - help, Shift-Dir - straight line, f/p - Sonja
Aim: Sonja the harpy (lightly wounded, chance to defeat MR: 60%) Sonja resists with significant effort.
Sonja claws you!
* * * LOW HITPOINT WARNING * * *
Sonja misses you. Sonja claws you but does no damage. Sonja claws you.
* * * LOW HITPOINT WARNING * * *
Evoke which item? (* to show all) (? for menu, Esc to quit)
Aiming: Polymorph
Press: ? - help, Shift-Dir - straight line, f/p - Sonja
Aim: Sonja the harpy (chance to defeat MR: 60%) Sonja the harpy evaporates and reforms as a komodo dragon!
Sonja bites you!
You die...

#..####..#...#.#
#..#__####..##.#
#..#_____##'#_.+
#⌠⌠#_.∩...').._#
####_..__##_.#'#
#_____###'#.#
#########.###
+$.$+ #$l@#
##.## #+#


You could see Sonja the komodo dragon.

Vanquished Creatures
  Sigmund (D)
  A yak (D)
  A wolf (D)
  A jelly (D)
  Ijyb (D)
5 creatures vanquished.

Notes
Turn   | Place    | Note
-------+----------+-------------------------------------------
     0 | D        | Chiseanne the Demonspawn Archaeologist began the quest for
                  | the Orb.
     0 | D        | Reached XP level 1. HP: 15/15 MP: 1/1
     1 | D        | Noticed Ijyb
    13 | D        | Killed Ijyb
    13 | D        | Gained mutation: You have a pair of small horns on your
                  | head. [demonic ancestry]
    13 | D        | Reached XP level 2. HP: 25/25 MP: 2/2
    46 | D        | Noticed an ogre
    47 | D        | Noticed an acid dragon
    47 | D        | an ogre changed into an acid dragon
    50 | D        | Noticed a wolf
    50 | D        | an acid dragon changed into a wolf
    69 | D        | Killed a wolf
    69 | D        | Gained mutation: You are slightly more attuned to the
                  | shadows. [demonic ancestry]
    69 | D        | Reached XP level 3. HP: 22/30 MP: 2/6
    69 | D        | Reached XP level 4. HP: 27/37 MP: 2/7
   170 | D        | Noticed Sigmund
   177 | D        | Killed Sigmund
   177 | D        | Reached skill level 9 in Spellcasting
   177 | D        | Gained mutation: You have large cloven feet. [demonic
                  | ancestry]
   177 | D        | Reached XP level 5. HP: 42/42 MP: 7/16
   177 | D        | Gained mutation: You have sharp fingernails. [demonic
                  | ancestry]
   177 | D        | Reached XP level 6. HP: 48/48 MP: 7/18
   251 | D        | Found an ornate altar of the Wu Jian Council.
   251 | D        | Found a shimmering blue altar of Sif Muna.
   253 | D        | Found a radiant altar of Vehumet.
   322 | D        | Found Jiggumm's General Store.
   322 | D        | Found a hazy altar of Hepliaklqana.
   322 | D        | Found a hide-covered altar of Uskayaw.
   322 | D        | Found an opulent altar of Gozag.
   322 | D        | Found a snail-covered altar of Cheibriados.
   322 | D        | Found a sacrificial altar of Ru.
   322 | D        | Noticed a yak
   323 | D        | Found an ancient bone altar of Kikubaaqudgha.
   323 | D        | Found a stormy altar of Qazlal.
   323 | D        | Found a blossoming altar of Fedhas.
   323 | D        | Found a bloodstained altar of Trog.
   323 | D        | Found an iron altar of Okawaru.
   323 | D        | Found a basalt altar of Yredelemnul.
   323 | D        | Found a glowing golden altar of the Shining One.
   323 | D        | Found a glowing silver altar of Zin.
   323 | D        | Found a shadowy altar of Dithmenos.
   323 | D        | Found a white marble altar of Elyvilon.
   327 | D        | Killed a yak
   327 | D        | Reached skill level 11 in Spellcasting
   328 | D        | Found a sparkling altar of Nemelex Xobeh.
   350 | D        | Learned a level 1 spell: Apportation
   352 | D        | Learned a level 1 spell: Summon Butterflies
   353 | D        | Became a worshipper of Vehumet
   354 | D        | Noticed Sonja
   356 | D        | Noticed Sonja
   356 | D        | Sonja changed into Sonja the troll
   360 | D        | Noticed Sonja
   360 | D        | Sonja the troll changed into Sonja the meliai
   362 | D        | Noticed Sonja
   362 | D        | Sonja the meliai changed into Sonja the harpy
   366 | D        | Noticed Sonja
   366 | D        | Sonja the harpy changed into Sonja the komodo dragon
   366 | D        | Slain by Sonja the komodo dragon

Skill      XL: |  1  2  3  4  5  6 |
---------------+-------------------+-----
Fighting       | 4 |  4.0
Dodging        | 4 |  4.5
Short Blades   | 4 |  4.3
Evocations     | 4 |  4.7
Spellcasting   | 9 11 | 11.1
Maces & Flails | |  0.8
Stealth        | |  3.0

Action                   |  1- 3 |  4- 6 || total
-------------------------+-------+-------++-------
Melee: Whip              |     9 |       ||     9
       Dagger            |    18 |    14 ||    32
       Headbutt          |     2 |     1 ||     3
Evoke: Wand              |     4 |     5 ||     9
  Use: Potion            |     3 |     1 ||     4
 Stab: Invisible         |     1 |       ||     1
       Sleeping          |       |     2 ||     2
       Petrifying        |       |     1 ||     1
Armor: Robe              |     2 |     1 ||     3
       Ring mail         |     2 |     1 ||     3
Dodge: Dodged            |    15 |     8 ||    23
